 Dungeon Crawl Stone Soup version 0.18-a0-209-g595b95b (webtiles) character file.

5 Sixotanaka the Stinger (level 1, -2/11 HPs)
             Began as an Octopode Venom Mage on Nov 18, 2015.
             Slain by a giant gecko (4 damage)
             ... on level 1 of the Dungeon on Nov 24, 2015.
             The game lasted 00:05:17 (342 turns).

Sixotanaka the Stinger (Octopode Venom Mage)         Turns: 342, Time: 00:05:17

Health: -2/11      AC:  1    Str:  7    XL:     1   Next: 80%
Magic:  1/3        EV: 12    Int: 17    God:
Gold:   6          SH:  0    Dex: 12    Spells: 1 memorised, 3 levels left

rFire  . . .     SeeInvis .     (no weapon)
rCold  . . .     Clarity  .     (no shield)
rNeg   . . .     SustAt   .     (helmet restricted)
rPois  .         Gourm    .     (no amulet)
rElec  .         Spirit   .     (no ring)
rCorr  .         Warding  .     (no ring)
rMut   .         Stasis   .     (no ring)
MR     .....                    (no ring)
Stlth  +++.......               (no ring)
                                (no ring)
                                (no ring)
                                (no ring)

@: not resistant to hostile enchantments, fairly stealthy
A: almost no armour, amphibious, 8 rings, constrict 8, camouflage 1, gelatinous
body 1
a: no special abilities


You were on level 1 of the Dungeon.
You were not hungry.

You visited 1 branch of the dungeon, and saw 1 of its levels.

You collected 6 gold pieces.


Innate Abilities, Weirdness & Mutations

You cannot wear most types of armour.
You are amphibious.
You can wear up to eight rings at the same time.
You can use your tentacles to constrict eight enemies at once.
Your skin changes colour to match your surroundings (Stealth).
Your rubbery body absorbs attacks (AC +1).


   Skills:
 - Level 2.0 Dodging
 - Level 2.6 Stealth
 - Level 2.0 Spellcasting
 * Level 0.0 Conjurations
 + Level 5.2 Poison Magic


You had 3 spell levels left.
You knew the following spells:

 Your Spells              Type           Power        Failure   Level  Hunger
z - Sting                 Conj/Pois      ##..         10%         1    #......


Dungeon Overview and Level Annotations

Branches:
Dungeon (1/15)

Altars:

Inventory:

Hand Weapons
 d - a +0 dagger
Potions
 c - a potion of cure mutation {unknown}
 e - a potion of curing {unknown}
 g - a potion of resistance {unknown}
Books
 a - a Young Poisoner's Handbook
Comestibles
 b - a bread ration

#....#l# #. #....#.#
#.# #....#.# #.#
##...#K## #.#
##..##... #.#
##...##### #.#
####...## #
#.########..†.### #
#....@lK.#<.########
#
#.######....'......#
# #.# ###..#......#
# #.# ####......###
#.# ######.... #.#
##### #.# #
############.# #
.............#


You could see a giant gecko and a kobold.


Message History

You kill the rat!
You start resting.
Your magical contamination has completely faded away.
You start resting.
e - a green potion
There is an open door here.
You see here a rat corpse.
There is an open door here.
Found an inky potion.
g - an inky potion
Found a hunting sling.
A rat comes into view.
A rat is nearby!
Casting: Sting
Aiming: Sting
Okay, then.
Casting: Sting
Aiming: Sting
Okay, then.
Found 8 stones.
Casting: Sting
Aiming: Sting
Aim: a rat (hasn't noticed you)
The sting hits the rat.
You kill the rat!
You start resting.
A giant newt comes into view.
Casting: Sting
Aiming: Sting
Aim: a giant newt (resting)
The sting hits the giant newt.
The giant newt is poisoned.
You kill the giant newt!
You start resting.
A giant gecko and a kobold come into view.
You see here a hunting sling.
Casting: Sting
Aiming: Sting
Aim: a kobold, wielding a short sword (resting)
The sting hits the kobold.
The kobold appears unharmed.
The kobold shouts!
Casting: Sting
Aiming: Sting
Aim: a kobold, wielding a short sword The sting misses the kobold.
A giant cockroach comes into view.
Casting: Sting
Aiming: Sting
Aim: a kobold, wielding a short sword The sting misses the kobold.
Casting: Sting
Aiming: Sting
Aim: a kobold, wielding a short sword You miscast Sting.
You are very lightly contaminated with residual magic.
You feel sick.
There is an open door here.
All of the chunks of flesh in your inventory have rotted away.
You completely miss the giant gecko. Your grab misses the giant gecko.
The giant gecko bites you but does no damage.
You miss the giant gecko. Your grab misses the giant gecko.
The giant gecko bites you.
Your magical contamination has completely faded away.
The giant gecko bites you.
* * * LOW HITPOINT WARNING * * *
Casting: Sting
Aiming: Sting
Aim: a kobold, wielding a short sword The sting misses the giant gecko.
The sting hits the kobold.
The giant gecko bites you.
You die...

Action                   || total
-------------------------++-------
Melee: Unarmed           ||     8
 Cast: Sting             ||    15

Vault maps used:
D:1:      dpeg_arrival_ratfight

Notes
Turn   | Place    | Note
--------------------------------------------------------------
     0 | D:1      | Sixotanaka the Octopode Venom Mage began the quest for the Orb.
     0 | D:1      | Reached XP level 1. HP: 11/11 MP: 3/3
   137 | D:1      | Reached skill level 5 in Poison Magic
   138 | D:1      | Upgraded the game from 0.18-a0-118-g58bf2d5 to 0.18-a0-209-g595b95b
   341 | D:1      | HP: 2/11 [giant gecko (5)]
   342 | D:1      | Slain by a giant gecko

Vanquished Creatures
  A giant newt (D:1)
  A kobold (D:1)
  6 rats (D:1)
8 creatures vanquished.
